 Dungeon Crawl Stone Soup version 0.24-a0-333-g864f2b5 (webtiles) character file.

Game seed: 2720189582706636022

295 Borgoz the Ducker (level 6, -3/52 HPs)
             Began as a Minotaur Gladiator on May 17, 2019.
             Slain by an orc
             ... wielding a +0 club
              (4 damage)
             ... on level 3 of the Dungeon.
             The game lasted 00:03:22 (1543 turns).

Borgoz the Ducker (Minotaur Gladiator)              Turns: 1543, Time: 00:03:23

Health: -3/52      AC:  6    Str: 19    XL:     6   Next: 11%
Magic:  5/5        EV: 12    Int:  5    God:
Gold:   86         SH:  0    Dex: 13    Spells: 5/5 levels left

rFire    . . .     SeeInvis .   a - +0 rapier
rCold    . . .     Gourm    .   (no shield)
rNeg     . . .     Faith    .   b - +0 scale mail
rPois    .         Spirit   .   c - +0 hat
rElec    .         Reflect  .   (no cloak)
rCorr    .         Harm     .   (no gloves)
MR       .....                  (no boots)
Stlth    ..........             (no amulet)
HPRegen  0.17/turn              (no ring)
MPRegen  0.09/turn              (no ring)

@: no status effects
A: retaliatory headbutt, horns 2
a: no special abilities


You were on level 3 of the Dungeon.
You were not hungry.

You visited 1 branch of the dungeon, and saw 3 of its levels.

You collected 86 gold pieces.

Inventory:

Hand Weapons
 a - a +0 rapier (weapon)
Missiles
 d - 2 throwing nets (quivered)
Armour
 b - a +0 scale mail (worn)
 c - a +0 hat (worn)
Jewellery
 m - an uncursed ring of wizardry {unknown}
Scrolls
 e - a scroll of enchant weapon {unknown}
 h - a scroll of enchant armour {unknown}
 i - a scroll of immolation {unknown}
 j - a scroll of identify {unknown}
 k - a scroll of teleportation {unknown}
Potions
 l - a potion of haste {unknown}
Comestibles
 f - 5 rations
 g - 9 chunks of flesh


   Skills:
 + Level 3.9 Fighting
 * Level 5.0 Short Blades
 - Level 2.0 Throwing
 + Level 2.7 Armour
 * Level 5.1 Dodging


You had 5 spell levels left.
You didn't know any spells.
Your spell library was empty.

Dungeon Overview and Level Annotations

Branches:
Dungeon (3/15)

Altars:
Fedhas
Uskayaw


Innate Abilities, Weirdness & Mutations

You reflexively headbutt those who attack you in melee.
You have a pair of horns on your head.


Message History

You are too injured to fight recklessly!
The orc hits you with a +0 trident. The orc closely misses you.
You furiously retaliate!
You headbutt the orc, but do no damage.
Things that are here:
3 boomerangs; an orc corpse You hit the orc but do no damage.
Your headbutt misses the orc. The orc closely misses you.
The orc hits you with a +0 club.
You barely miss the orc. The orc hits you with a +0 trident.
* * * LOW HITPOINT WARNING * * *
The orc hits you with a +0 club.
* * * LOW HITPOINT WARNING * * *
Okay, then.
You closely miss the orc. The orc hits you with a +0 trident!
* * * LOW HITPOINT WARNING * * *
Throwing (i - inventory)
d - 3 throwing nets (quivered)
Press: ? - help, Shift-Dir - straight line, f - orc
Aim: an orc, wielding a +0 trident You throw a throwing net.
The throwing net hits the orc.
The orc is caught in the net!
The orc hits you with a +0 club.
You die...

# ....## . .⌠...# #.
....P# .# P_._# #
.##.#.##.# ..
......... #.. #o.....#
#.# #@o...# # #..###
##))...#
##.##....######.)....#
#.............†)####.#
#..##..........#####
..
#...................:
..
#..#.................
.
.....................
#...##...............


You could see 2 orcs.

Vanquished Creatures
  A sky beast (D:2)
  An orc priest (D:2)
  An orc wizard (D:2)
  Robin (D:3)
  3 adders (D:2)
  2 oozes
  3 worms
  6 dart slugs
  4 leopard geckos (D:1)
  5 orcs
  2 bats
  A giant cockroach (D:1)
  13 goblins
  7 hobgoblins
  5 jackals
  5 kobolds
  3 frilled lizards
  6 rats
69 creatures vanquished.

Notes
Turn   | Place    | Note
-------+----------+-------------------------------------------
     0 | D:1      | Borgoz the Minotaur Gladiator began the quest for the Orb.
     0 | D:1      | Reached XP level 1. HP: 18/18 MP: 0/0
    89 | D:1      | Noticed a big kobold
    89 | D:1      | Noticed a big kobold
    89 | D:1      | Noticed a big kobold
    90 | D:1      | Noticed a big kobold
    91 | D:1      | Reached XP level 2. HP: 25/25 MP: 1/1
    95 | D:1      | Noticed a troll
   269 | D:1      | Reached skill level 1 in Armour
   309 | D:1      | Reached XP level 3. HP: 26/30 MP: 2/2
   907 | D:2      | Noticed a sky beast
   922 | D:2      | Killed a sky beast
   922 | D:2      | Reached XP level 4. HP: 18/38 MP: 3/3
   922 | D:2      | Reached XP level 5. HP: 21/45 MP: 4/4
  1441 | D:2      | Reached skill level 5 in Short Blades
  1441 | D:2      | Reached skill level 5 in Dodging
  1507 | D:3      | Noticed Robin
  1508 | D:3      | Found a blossoming altar of Fedhas.
  1509 | D:3      | Found a hide-covered altar of Uskayaw.
  1515 | D:3      | Reached XP level 6. HP: 49/52 MP: 5/5
  1518 | D:3      | Killed Robin
  1542 | D:3      | HP: 1/52 [orc/+0 trident (8)]
  1543 | D:3      | Slain by an orc

Levels and vault maps discovered:
D:1:      erik_arrival_cave_to_civilisation [erik_arrival_cave_to_temple],
          layout_basic
D:2:      layout_basic, minmay_misc_feat_iff, minmay_split_cup_small
D:3:      layout_rooms, gammafunk_temple_overflow_forgotten,
          lemuel_crystal_altar, uniq_robin, uniq_crazy_yiuf_cottage

Skill      XL: |  1  2  3  4  5 |
---------------+----------------+-----
Armour         | 1 2 |  2.7
Dodging        | 4 5 |  5.1
Short Blades   | 4 5 |  5.0
Fighting       | 3 |  3.9
Throwing       | |  2.0

Action                   |  1- 3 |  4- 6 || total
-------------------------+-------+-------++-------
Melee: Rapier            |    64 |    83 ||   147
       Headbutt          |    12 |    14 ||    26
Throw: Throwing net      |       |     1 ||     1
  Eat: Chunk             |       |     2 ||     2
Armor: Leather armour    |     1 |       ||     1
       Ring mail         |     1 |       ||     1
       Scale mail        |    16 |    27 ||    43
Dodge: Dodged            |    36 |    50 ||    86

Table legend:
 A = Non-vault XP
 B = Vault XP
 C = Vault XP percentage of total XP
 D = Non-vault monster count
 E = Vault monster count
 F = Vault count percentage of total count
                 A         B        C        D         E       F
            +---------+---------+-------+---------+---------+-------
      Total |     350 |      72 |  17.1 |      53 |      16 |  23.2
            +---------+---------+-------+---------+---------+-------
        D:1 |      58 |       9 |  13.4 |      26 |       2 |   7.1
        D:2 |     269 |      28 |   9.4 |      18 |       3 |  14.3
        D:3 |      23 |      35 |  60.3 |       9 |      11 |  55.0
            +---------+---------+-------+---------+---------+-------
